 Seeded DCSS version 0.29-a0-344-ge2f44be95a (webtiles) character file.

Game seed: 1450950038153131384 (custom seed)

494 zeratav the Firebug (level 7, 0/41 HPs)
             Began as an Octopode Fire Elementalist on Apr 21, 2022.
             Slain by an adder (4 damage)
             ... on level 4 of the Dungeon.
             The game lasted 00:09:12 (4609 turns).

zeratav the Firebug (Octopode Fire Elementalist)    Turns: 4609, Time: 00:09:13

Health: 0/41       AC:  1    Str:  7    XL:     7   Next: 15%
Magic:  3/10       EV: 13    Int: 15    God:
Gold:   147        SH:  0    Dex: 18    Spells: 4/10 levels left

rFire   . . .      SeeInvis .   w - +10 hunting sling of Nunluomy {venom, *Slow rPois rC+++ Int-5, sling}
rCold   + + +      Faith    .   (no shield)
rNeg    . . .      Spirit   .   (helmet restricted)
rPois   +          Reflect  .   (no amulet)
rElec   .          Harm     .   b - +6 ring of dexterity
rCorr   .          Rampage  .   o - ring of protection from cold
Will    .....                   (no ring)
Stlth   +++.......              (no ring)
HPRegen 0.13/turn               (no ring)
MPRegen 0.12/turn               (no ring)
                                (no ring)
                                (no ring)

@: lethally poisoned (0 -> -4), very slightly contaminated, hasted, very quick
A: almost no armour, amphibious, 8 rings, camouflage 1, gelatinous body 1,
(nimble swimmer 1), tentacles
a: no special abilities


You were on level 4 of the Dungeon.
You visited 1 branch of the dungeon, and saw 4 of its levels.

You collected 147 gold pieces.


Innate Abilities, Weirdness & Mutations

You cannot wear most types of armour.
You are amphibious.
You can wear up to eight rings at the same time.
Your skin changes colour to match your surroundings (Stealth+).
Your rubbery body absorbs attacks. (AC +1, EV +1)
((You are camouflaged when in or above water. (Stealth+)))
You have tentacles for arms and can constrict up to eight enemies at once.


   Skills:
 - Level 2.0 Dodging
 - Level 2.6 Stealth
 - Level 2.0 Spellcasting
 - Level 1.0 Conjurations
 + Level 7.9 Fire Magic


You had 4 spell levels left.
You knew the following spells:

 Your Spells              Type           Power      Damage    Failure   Level
a - Foxfire               Conj/Fire      56%        2x1d6     3%          1
b - Scorch                Fire           50%        2d7       1%          2
c - Conjure Flame         Conj/Fire      14%        6-21      11%         3

Your spell library contained the following spells:

 Spells                   Type           Power      Damage    Failure   Level
 Inner Flame              Hex/Fire       13%        N/A       13%         3
 Summon Small Mammal      Summ           4%         N/A       22%         1
 Corpse Rot               Necr/Air       2%         N/A       32%         2
 Poisonous Vapours        Pois/Air       2%         N/A       32%         2
 Flame Wave               Conj/Fire      14%        2d6       34%         4
 Dazzling Flash           Conj/Hex       6%         N/A       47%         3
 Portal Projectile        Hex/Tloc       2%         N/A       54%         3
 Swiftness                Air            1%         N/A       54%         3
 Fireball                 Conj/Fire      7%         3d5       69%         5
 Agony                    Necr           1%         N/A       99%         5
 Blade Hands              Tmut           0%         N/A       99%         5
 Excruciating Wounds      Necr           0%         N/A       99%         5
 Silence                  Hex/Air        0%         N/A       99%         5
 Starburst                Conj/Fire      7%         6d4       99%         6
 Ignition                 Fire           12%        3d6       100%        8
 Chain Lightning          Conj/Air       1%         3d2       100%        9

Inventory:

Hand Weapons
 s - a +2 falchion of freezing {long}
   (You took it off an orc on level 3 of the Dungeon)
 w - the +10 hunting sling of Nunluomy (weapon) {venom, *Slow rPois rC+++ Int-5, sling}
   (You found it on level 4 of the Dungeon)

   Any ammunition fired from it poisons the flesh of those it strikes.
   Int:       It affects your intelligence (-5).
   rC:        It renders you almost immune to cold.
   rPois:     It protects you from poison.
   *Slow:     It may slow you when you take damage.
Armour
 r - a +0 buckler
   (You found it on level 3 of the Dungeon)
Jewellery
 b - a +6 ring of dexterity (left tentacle)
   (You found it on level 1 of the Dungeon)
 o - a ring of protection from cold (right tentacle)
   (You found it on level 2 of the Dungeon)
Scrolls
 c - 4 scrolls of teleportation {unknown}
 f - 3 scrolls of enchant armour {unknown}
 g - 4 scrolls of identify {unknown}
 l - a scroll of amnesia {unknown}
 m - 2 scrolls of fear {unknown}
 t - 2 scrolls of silence {unknown}
 u - 2 scrolls of fog {unknown}
 x - a scroll of holy word {unknown}
Potions
 a - a potion of magic
 d - 2 potions of berserk rage {unknown}
 e - 2 potions of haste {@q3}
 h - 2 potions of degeneration {unknown}
 i - a potion of flight {unknown}
 j - a potion of attraction {unknown}
 k - a potion of invisibility {unknown}
 n - a potion of might {unknown}
 p - 2 potions of cancellation {unknown}
 q - 5 potions of curing {unknown}
 v - 2 potions of heal wounds {unknown}

Dungeon Overview and Level Annotations

Branches:
Dungeon (4/15)
 Temple: D:4-7

Altars:

Annotations:
D:4 Dowan, Duvessa

.......... ....
.........#.......##
#........#......... ##
#....)...##........ #.
....###..###...... ###.
........###......## #...
........g.#.......## #...
.......ee##[###....####..
.......S@.)..........#...
#......S........##.......
..................#####..
......##..........####..#
#.#...#.................#
###...[................##
##.##....>..............
....#...................
. .......................


You could see Duvessa (poisoned), Dowan (combustible), 2 adders and a hobgoblin.


Message History

The puff of frost misses you.
A gnoll comes into view. It is wielding a +0 flail.
You shoot a sling bullet. The gnoll shouts!
The sling bullet hits the white imp!
You kill the white imp!
You hear a shout!
You hear an angry hiss.
You hear a shout! x2
You shoot a sling bullet. The sling bullet hits the gnoll!
The gnoll is poisoned.
No target in view!
You shoot a sling bullet. The sling bullet hits the gnoll!
You kill the gnoll!
An adder comes into view.
Duvessa, Sister of Dowan comes into view.
She is wielding a +0 short sword.
No action selected
Press: ? - help, Q - select action, (/) - cycle Dir - look around, f - activate
Okay, then.
Unknown command.
No action selected
Press: ? - help, Q - select action, (/) - cycle Dir - look around, f - activate Look: Duvessa, wielding a +0 short sword and wearing a +0 chain mail Duvessa says, "My weaknesses are his strengths!"
You shoot a sling bullet.
The sling bullet hits Duvessa but does no damage.
Dowan, Brother of Duvessa comes into view.
He is wielding a +0 dagger.
You shoot a sling bullet.
Dowan shouts!
The sling bullet hits Duvessa!
Duvessa is poisoned.
An adder comes into view.
Cast which spell? (? or * to list) Flames lash Duvessa but do no damage.
The adder hisses angrily.
You hear an angry hiss.
A hobgoblin comes into view.
Duvessa hits you with a +0 short sword.
HP[-6] MP[-2]
You take 6 damage, and now have 35/41 hp.
You lost 2 mp, and now have 8/10 mp.
Casting: Scorch (safe; 1% risk of failure)
Confirm with . or Enter, or press ? or * to list all spells.
Flames lash Duvessa.
Duvessa's fire resistance burns away.
Duvessa closely misses you.
MP[-2]
You lost 2 mp, and now have 6/10 mp.
Duvessa hits you with a +0 short sword!
HP[-10]
You take 10 damage, and now have 25/41 hp.
MASSIVE DAMAGE!! (PAUSE) Duvessa is no longer more vulnerable to fire.
Casting: Scorch (safe; 1% risk of failure)
Confirm with . or Enter, or press ? or * to list all spells.
You miscast Scorch.
You are very lightly contaminated with residual magic.
Nothing appears to happen.
Duvessa hits you with a +0 short sword!
* * * LOW HITPOINT WARNING * * *
HP[-10] MP[-2]
You take 10 damage, and now have 15/41 hp.
MASSIVE DAMAGE!! (PAUSE)
You lost 2 mp, and now have 4/10 mp.
Casting: Scorch (safe; 1% risk of failure)
Confirm with . or Enter, or press ? or * to list all spells.
Flames lash Dowan.
Dowan's fire resistance burns away.
You hear a shout!
The adder misses you. The adder barely misses you. Duvessa misses you.
MP[-2]
You lost 2 mp, and now have 2/10 mp.
No action selected
Press: ? - help, Q - select action, (/) - cycle Dir - look around, f - activate Look: Duvessa, wielding a +0 short sword and wearing a +0 chain mail (heavily wounded, poisoned)
Okay, then.
No action selected
Press: ? - help, Q - select action, (/) - cycle Dir - look around, f - activate
Okay, then.
Fire: w) +10 hunting sling of Nunluomy {venom, *Slow rPois rC+++ Int-5, sling}
Press: ? - help, Shift-Dir - straight line, f/p - Duvessa
Aim: Duvessa, wielding a +0 short sword and wearing a +0 chain mail (heavily wounded, poisoned, 77% to hit)
You shoot a sling bullet. The sling bullet hits Duvessa!
The adder closely misses you. The adder misses you. Duvessa closely misses you.
The adder barely misses you. The adder bites you.
* * * LOW HITPOINT WARNING * * *
You are poisoned.
The adder poisons you!
HP[-4]
You take 4 damage, and now have 11/41 hp.
Fire: w) +10 hunting sling of Nunluomy {venom, *Slow rPois rC+++ Int-5, sling}
Press: ? - help, Shift-Dir - straight line, f/p - Duvessa
Aim: Duvessa, wielding a +0 short sword and wearing a +0 chain mail (severely wounded, poisoned, 77% to hit)
You shoot a sling bullet. The sling bullet barely misses Duvessa.
You feel very sick. The adder barely misses you. The adder bites you.
* * * LOW HITPOINT WARNING * * *
The adder bites you.
* * * LOW HITPOINT WARNING * * *
The adder closely misses you. Duvessa misses you.
HP[-7] MP[+1]
You take 7 damage, and now have 4/41 hp.
It was a potion of haste.
You feel yourself speed up.
* * * LOW HITPOINT WARNING * * *
You feel sick. The adder misses you. The adder completely misses you.
Duvessa closely misses you. Dowan closely misses you. The adder bites you.
You die...

Skill      XL: |  1  2  3  4  5  6 |
---------------+-------------------+-----
Fire Magic     | 4 5 6 7 |  7.9
Dodging        | |  2.0
Stealth        | |  2.6
Spellcasting   | |  2.0
Conjurations   | |  1.0

Action                   |  1- 3 |  4- 6 |  7- 9 || total
-------------------------+-------+-------+-------++-------
Melee: Unarmed           |    15 |       |       ||    15
       Tentacles         |    14 |     4 |       ||    18
       Constrict         |    11 |     5 |       ||    16
       Dagger            |    21 |    15 |       ||    36
       Falchion          |       |     6 |       ||     6
 Fire: Hunting sling     |       |    15 |     8 ||    23
 Cast: Foxfire           |     4 |       |       ||     4
       Scorch            |    21 |    54 |     3 ||    78
  Use: Potion            |       |       |     1 ||     1
 Stab: Sleeping          |     2 |     2 |       ||     4
Armor: Skin              |     3 |     2 |       ||     5
Dodge: Dodged            |    28 |    26 |    16 ||    70

Levels and vault maps discovered:
D:1:      minmay_arrival_three_doors, layout_loops_corners
D:2:      cheibrodos_helix_gallery, layout_basic,
          nicolae_ecumenical_lake_church, kennysheep_nub
D:3:      layout_loops_corners, grunt_ministairs_9, minmay_misc_feat_rows,
          kennysheep_generic_room_9
D:4:      layout_cave_pools, serial_shops, shop_statue, uniq_duvessa

Notes
Turn   | Place    | Note
-------+----------+-------------------------------------------
     0 | D:1      | zeratav the Octopode Fire Elementalist began the quest for
                  | the Orb.
     0 | D:1      | Reached XP level 1. HP: 11/11 MP: 3/3
     0 | D:1      | magus.rc [v1.9.6]
   128 | D:1      | Reached XP level 2. HP: 10/17 MP: 1/5
   260 | D:1      | Learned a level 2 spell: Scorch
   525 | D:1      | You pick up a book of Fire and begin reading...
   525 | D:1      | You add the spells Fireball, Starburst and Ignition to your
                  | library.
   823 | D:1      | Reached skill level 4 in Fire Magic
   907 | D:1      | Reached XP level 3. HP: 11/21 MP: 1/6
  1249 | D:1      | You pick up a book of Weapons and begin reading...
  1249 | D:1      | You add the spells Portal Projectile, Excruciating Wounds
                  | and Blade Hands to your library.
  1798 | D:2      | Reached XP level 4. HP: 27/27 MP: 4/7
  1941 | D:2      | Reached skill level 5 in Fire Magic
  2238 | D:2      | Found a faded altar of an unknown god.
  2337 | D:2      | Reached XP level 5. HP: 31/31 MP: 5/8
  2785 | D:3      | Learned a level 3 spell: Conjure Flame
  3009 | D:3      | HP: 6/31 [poisoned by an adder]
  3014 | D:3      | HP: 2/31 [poisoned by an adder]
  3389 | D:3      | Reached skill level 6 in Fire Magic
  3694 | D:3      | You pick up a book of the Senses and begin reading...
  3694 | D:3      | You add the spells Dazzling Flash, Agony and Silence to
                  | your library.
  4111 | D:3      | Reached XP level 6. HP: 36/36 MP: 2/9
  4334 | D:4      | You add the spells Summon Small Mammal, Corpse Rot,
                  | Poisonous Vapours, Swiftness and Chain Lightning to your
                  | library.
  4334 | D:4      | Got the Guide on the Floating Entourage
  4429 | D:4      | Identified the +10 hunting sling of Nunluomy {venom, *Slow
                  | rPois rC+++ Int-5}
  4450 | D:4      | Noticed a black bear
  4453 | D:4      | Killed a black bear
  4454 | D:4      | Reached skill level 7 in Fire Magic
  4539 | D:4      | magus.rc [v1.9.6]
  4576 | D:4      | Reached XP level 7. HP: 41/41 MP: 10/10
  4596 | D:4      | Noticed Duvessa
  4599 | D:4      | Noticed Dowan
  4608 | D:4      | HP: 8/41 [poisoned by an adder]
  4609 | D:4      | Slain by an adder

Vanquished Creatures
  A black bear (D:4)
  An ogre (D:4)
  A hound (D:4)
  An orc priest (D:3)
  An iguana (D:4)
  A gnoll (D:4)
  13 adders
  A white imp (D:4)
  2 worms
  2 dart slugs
  6 orcs (D:3)
  9 bats
  7 endoplasms
  5 giant cockroaches
  3 goblins
  3 hobgoblins (D:1)
  8 jackals
  9 kobolds
  9 ball pythons
  5 frilled lizards
  3 rats
91 creatures vanquished.

Vanquished Creatures (others)
  3 foxfires (D:1)
3 creatures vanquished.

Grand Total: 94 creatures vanquished

Table legend:
 A = Non-vault XP
 B = Vault XP
 C = Vault XP percentage of total XP
 D = Non-vault monster count
 E = Vault monster count
 F = Vault count percentage of total count
                 A         B        C        D         E       F
            +---------+---------+-------+---------+---------+-------
      Total |     689 |      18 |   2.5 |      87 |       4 |   4.4
            +---------+---------+-------+---------+---------+-------
        D:1 |      41 |       0 |   0.0 |      23 |       0 |   0.0
        D:2 |     112 |      15 |  11.8 |      26 |       2 |   7.1
        D:3 |     157 |       3 |   1.9 |      27 |       2 |   6.9
        D:4 |     379 |       0 |   0.0 |      11 |       0 |   0.0
            +---------+---------+-------+---------+---------+-------

Illustrated notes

Table legend:
 A = Kills in this place as a percentage of kills in entire the game.
 B = Kills by you in this place as a percentage of kills by you in the entire game.
 C = Kills by friends in this place as a percentage of kills by friends in the entire game.
 D = Other kills in this place as a percentage of other kills in the entire game.
 E = Experience gained in this place as a percentage of experience gained in the entire game.
 F = Experience gained in this place divided by the number of levels of this place that you have seen.
                   A       B       C       D       E      F
               +-------+-------+-------+-------+-------+----------------------
         Total | 100.0 | 100.0 |   N/A |   N/A | 100.0 | 176.8
       Dungeon | 100.0 | 100.0 |   N/A |   N/A | 100.0 | 176.8
               +-------+-------+-------+-------+-------+----------------------

Table legend: (Time is in decaauts)
 A = Elapsed time spent in this place.
 B = Non-inter-level travel time spent in this place.
 C = Inter-level travel time spent in this place.
 D = Time resting spent in this place.
 E = Time spent auto-exploring this place.
 F = Levels seen in this place.
 G = Mean time per level.
                   A        B        C        D        E       F      G
               +--------+--------+--------+--------+--------+-----+--------+
         Total |   4619 |   4520 |     99 |    940 |   3011 |   4 | 1154.8 |
       Dungeon |   4619 |   4520 |     99 |    940 |   3011 |   4 | 1154.8 |
               +--------+--------+--------+--------+--------+-----+--------+

Top non-repeatable levels by time:
     D:3: 1846 daAuts
     D:1: 1283 daAuts
     D:2: 1281 daAuts
     D:4: 208 daAuts
